 Dungeon Crawl Stone Soup version 0.30-a0-728-gc68057be0a (webtiles) character file.

Game seed: 1859217676757407778

466 CoinPitGoblin the Insei (level 6, -2/44 HPs)
             Began as a Vampire Transmuter on Jan 30, 2023.
             Was an Initiate of Wu Jian.
             Slain by a water moccasin (5 damage)
             ... on level 5 of the Dungeon.
             The game lasted 00:13:34 (4018 turns).

CoinPitGoblin the Insei (Vampire Transmuter)        Turns: 4018, Time: 00:13:35

Health: -2/44      AC:  4    Str: 11    XL:     6   Next: 81%
Magic:  11/11      EV: 13    Int: 16    God:    Wu Jian [......]
Gold:   237        SH:  0    Dex: 14    Spells: 3/11 levels left

rFire   . . .      SeeInvis +      - Unarmed
rCold   + . .      Faith    .    (no shield)
rNeg    . . .      Spirit   .    a - +0 robe
rPois   .          Reflect  .    (no helmet)
rElec   .          Harm     .    (no cloak)
rCorr   +          Rampage  .    (no gloves)
Will    .....      Rage     3%   (no boots)
Stlth   +                        o - amulet of the acrobat
HPRegen 0.47/turn                d - ring of resist corrosion
MPRegen 0.12/turn                n - ring of protection from cold

@: lethally poisoned (-2 -> -12), flying, healing quickly
A: alive, fangs 3, see invisible, vampiric 2, iridescent scales 1, berserk 1
a: Exsanguinate, Renounce Religion


You were on level 5 of the Dungeon.
You worshipped Wu Jian.
Wu Jian was noncommittal.
You visited 2 branches of the dungeon, and saw 6 of its levels.

You collected 237 gold pieces.

Inventory:

Hand Weapons
 f - a +0 dagger of draining
Armour
 a - a +0 robe (worn)
Jewellery
 d - a ring of resist corrosion (left hand)
 n - a ring of protection from cold (right hand)
 o - an amulet of the acrobat (around neck)
 r - a ring of protection from cold
Wands
 l - a wand of digging (6)
Scrolls
 j - 3 scrolls of identify
Potions
 h - 2 potions of mutation
 m - a potion of brilliance {unknown}
 p - a potion of curing {unknown}


   Skills:
 + Level 1.7 Fighting
 + Level 3.7 Dodging
 + Level 5.9 Unarmed Combat
 + Level 3.4 Spellcasting
 + Level 4.0 Transmutations


You had 3 spell levels left.
You knew the following spells:

 Your Spells              Type           Power      Damage    Failure   Level
a - Wereblood             Tmut           15%        N/A       5%          2
b - Passwall              Tmut/Erth      7%         N/A       12%         2
c - Swiftness             Air            2%         N/A       47%         3
q - Beastly Appendage     Tmut           30%        N/A       3%          1

Your spell library contained the following spells:

 Spells                   Type           Power      Damage    Failure   Level
 Spider Form              Tmut/Pois      9%         N/A       24%         3
 Call Imp                 Summ           2%         N/A       26%         2
 Ensorcelled Hibernation  Hex/Ice        4%         N/A       26%         2
 Ice Form                 Ice/Tmut       9%         N/A       61%         4
 Irradiate                Conj/Tmut      4%         3d13      91%         5
 Summon Mana Viper        Hex/Summ       2%         N/A       99%         5
 Malign Gateway           Summ/Tloc      1%         N/A       100%        7


Dungeon Overview and Level Annotations

Branches:
Dungeon (5/15)             Temple (1/1) D:4

Altars:
Dithmenos
Gozag
Hepliaklqana
Kikubaaqudgha
Makhleb
Nemelex Xobeh
Okawaru
Qazlal
Ru
Sif Muna
Trog
Uskayaw
Vehumet
Wu Jian
Xom
Yredelemnul

Shops:
D:4 ?


Innate Abilities, Weirdness & Mutations

Your natural rate of healing is accelerated.
You have razor-sharp teeth.
You have supernaturally acute eyesight. (SInv)
You are afflicted with vampirism and can become a bat while bloodless.
You are partially covered in iridescent scales. (AC +2)
You sometimes lose your temper in combat.


Message History

The water moccasin is moderately wounded.
You feel sick. The water moccasin barely misses you. The dart slug misses you.
Your magical contamination has completely faded away.
You hit the water moccasin.
The water moccasin is moderately wounded.
You feel sick. The water moccasin bites you. The dart slug closely misses you.
The water moccasin closely misses you.
You hit the water moccasin.
The water moccasin is heavily wounded.
You feel sick. The water moccasin bites you!
You hit the water moccasin but do no damage.
The water moccasin is heavily wounded.
You feel sick.
The water moccasin bites you but does no damage.
The dart slug briefly extends its eye-stalks.
The dart slug barely misses you.
You closely miss the water moccasin.
The water moccasin is heavily wounded.
You feel sick. The water moccasin bites you. x2
* * * LOW HITPOINT WARNING * * *
The dart slug launches a dart at you. The slug dart hits you.
* * * LOW HITPOINT WARNING * * *
It was a potion of mutation.
You feel extremely strange.
You feel a little pissed off.
Iridescent scales grow over part of your body.
You feel sick. The water moccasin bites you.
* * * LOW HITPOINT WARNING * * *
You are lethally poisoned!
The water moccasin poisons you!
Autopickup is now off.
Okay, then.
Okay, then.
It was a potion of flight.
You feel very buoyant.
You fly up into the air.
* * * LOW HITPOINT WARNING * * *
You feel very sick. The water moccasin bites you.
You die...

##............
#.............
##...........~~
#............~≈
#............~≈
#..>.........~~
#......wS.....~
##......@......~
#...............
#.............. #
##............. ###
##............ ..#######
##........... #...##..##
##.........#
###......######........#
###......##.........##


You could see a water moccasin and a dart slug.

Vanquished Creatures
  A water moccasin (D:5)
  An ice beast (D:5)
  A phantom (D:5)
  2 orc wizards (D:5)
  6 adders
  5 worms
  A dart slug (D:3)
  2 orcs
  13 endoplasms
  3 giant cockroaches
  6 goblins
  5 hobgoblins
  3 jackals (D:1)
  A quokka (D:2)
  8 ball pythons
  A bat (D:2)
  4 frilled lizards
  5 kobolds
  3 rats
71 creatures vanquished.

Notes
Turn   | Place    | Note
-------+----------+-------------------------------------------
     0 | D:1      | CoinPitGoblin the Vampire Transmuter began the quest for
                  | the Orb.
     0 | D:1      | Reached XP level 1. HP: 14/14 MP: 3/3
   426 | D:1      | Reached XP level 2. HP: 19/20 MP: 1/5
  1092 | D:2      | Reached skill level 4 in Unarmed Combat
  1092 | D:2      | Gained mutation: You are afflicted with vampirism and can
                  | become a bat while bloodless. [Vampire growth]
  1092 | D:2      | Reached XP level 3. HP: 22/25 MP: 4/6
  1260 | D:2      | Learned a level 2 spell: Wereblood
  1325 | D:2      | Found a hazy altar of Hepliaklqana.
  1796 | D:3      | Reached XP level 4. HP: 28/31 MP: 5/7
  1903 | D:3      | Reached skill level 1 in Fighting
  2438 | D:3      | Found a shimmering blue altar of Sif Muna.
  2754 | D:4      | Found an iron altar of Okawaru.
  3151 | D:4      | Found Kyesaxt's Magic Scroll Boutique.
  3271 | D:4      | Found a staircase to the Ecumenical Temple.
  3490 | D:4      | Reached XP level 5. HP: 36/37 MP: 7/9
  3507 | D:4      | Identified a scroll of acquirement
  3507 | D:4      | Acquired CoinPitGoblin's Compendium of United
                  | Transfiguration
  3537 | Temple   | Entered the Ecumenical Temple
  3596 | Temple   | Became a worshipper of the Wu Jian Council
  3616 | D:4      | Learned a level 2 spell: Passwall
  3620 | D:4      | Learned a level 3 spell: Swiftness
  3660 | D:5      | Entered Level 5 of the Dungeon
  3660 | D:5      | Noticed a water moccasin
  3720 | D:5      | Identified the +5 ring mail "Otoik" {Rampage rC+ rN+ Int+3
                  | Dex-3}
  3724 | D:5      | Noticed an ice beast
  3744 | D:5      | Noticed a phantom
  3856 | D:5      | Reached skill level 5 in Unarmed Combat
  3880 | D:5      | Killed an ice beast
  3884 | D:5      | Reached XP level 6. HP: 43/43 MP: 10/10
  3986 | D:5      | Killed a water moccasin
  4004 | D:5      | Noticed a water moccasin
  4017 | D:5      | Gained mutation: You sometimes lose your temper in combat.
                  | [potion of mutation]
  4017 | D:5      | Gained mutation: You are partially covered in iridescent
                  | scales. (AC +2) [potion of mutation]
  4018 | D:5      | Slain by a water moccasin

Illustrated notes

Levels and vault maps discovered:
D:1:      dpeg_arrival_rhombus, layout_loops_corners
D:2:      layout_loops_ring, basic_altar, minmay_pentomino_o2
D:3:      layout_loops_cross, mainiacjoe_overflow_alcove_2,
          mainiacjoe_overflow_cross_hatched
D:4:      layout_loops_corners, okawaru_ov_weapons_minmay,
          minmay_temple_entry_sparse_star, serial_shops, nicolae_lakefront_shop,
          minmay_bisected
D:5:      wander_river, layout_cave_pods, uniq_grinder
Temple:   cyrus_circular_temple

Skill      XL: |  1  2  3  4  5  6 |
---------------+-------------------+-----
Unarmed Combat | 4 5 |  5.9
Fighting       | 1 |  1.7
Transmutations | 3 4 |  4.0
Dodging        | 3 |  3.7
Spellcasting   | 3 |  3.4

Action                     |  1- 3 |  4- 6 || total
---------------------------+-------+-------++-------
  Melee: Unarmed           |    82 |   123 ||   205
         Kick              |    17 |    27 ||    44
         Headbutt          |    11 |    17 ||    28
         Bite              |     6 |    10 ||    16
         Punch             |     2 |     4 ||     6
   Cast: Beastly Appendage |    26 |    26 ||    52
         Wereblood         |       |     1 ||     1
         Passwall          |       |     1 ||     1
Ability: Lunge             |       |     1 ||     1
    Use: Scroll            |     4 |     8 ||    12
         Potion            |       |     7 ||     7
   Stab: Sleeping          |     4 |     3 ||     7
 Armour: Robe              |     8 |    18 ||    26
         Skin              |       |    14 ||    14
  Dodge: Dodged            |    52 |    89 ||   141

Table legend: (Time is in decaauts)
 A = Elapsed time spent in this place.
 B = Non-inter-level travel time spent in this place.
 C = Inter-level travel time spent in this place.
 D = Time resting spent in this place.
 E = Time spent auto-exploring this place.
 F = Levels seen in this place.
 G = Mean time per level.
                   A        B        C        D        E       F      G
               +--------+--------+--------+--------+--------+-----+--------+
         Total |   4007 |   3643 |    364 |     83 |   2878 |   6 |  667.8 |
       Dungeon |   3932 |   3582 |    350 |     83 |   2840 |   5 |  786.4 |
        Temple |     74 |     60 |     14 |      0 |     38 |   1 |   74.0 |
               +--------+--------+--------+--------+--------+-----+--------+

Top non-repeatable levels by time:
     D:4: 1022 daAuts
     D:1: 1020 daAuts
     D:3: 842 daAuts
     D:2: 735 daAuts
     D:5: 311 daAuts
  Temple: 74 daAuts
